 Dungeon Crawl Stone Soup version 0.21.0-24-g2553a3340b (webtiles) character file.

459 Pixllover the Chopper (level 6, 0/85 HPs)
             Began as a Minotaur Berserker on Jan 20, 2018.
             Was a Priest of Trog.
             Slain by Grinder (4 damage)
             ... on level 5 of the Dungeon.
             The game lasted 00:13:45 (3345 turns).

Pixllover the Chopper (Minotaur Berserker)          Turns: 3345, Time: 00:13:45

Health: 0/85       AC: 13    Str: 29    XL:     6   Next: 78%
Magic:  5/5        EV: 10    Int:  4    God:    Trog [***...]
Gold:   158        SH:  0    Dex:  9    Spells: 5/5 levels left

rFire    . . .     SeeInvis .   w - +2 quarterstaff (chaos)
rCold    . . .     Gourm    .   (shield currently unavailable)
rNeg     . . .     Faith    .   d - +0 chain mail
rPois    +         Spirit   .   (helmet restricted)
rElec    .         Reflect  .   v - +1 cloak {rPois}
rCorr    .         Harm     .   (no gloves)
MR       .....                  u - +0 pair of boots (curse)
Stlth    ..........             (no amulet)
HPRegen  0.24/turn              (no ring)
MPRegen  0.09/turn              (no ring)

@: berserking, very slightly contaminated, very quick
A: retaliatory headbutt, horns 2
a: Berserk, Trog's Hand, Burn Spellbooks, Renounce Religion


You were on level 5 of the Dungeon.
You worshipped Trog.
Trog was most pleased with you.
You were not hungry.

You visited 1 branch of the dungeon, and saw 5 of its levels.

You collected 158 gold pieces.

Inventory:

Hand Weapons
 a - a +0 hand axe
 q - a +0 spear of flaming
 w - a +2 quarterstaff of chaos (weapon)
Missiles
 p - 2 tomahawks (quivered)
Armour
 b - a +0 animal skin
 d - a +0 chain mail (worn)
 u - a cursed +0 pair of boots (worn)
 v - a +1 cloak of poison resistance (worn)
Jewellery
 m - a +2 ring of strength {unknown}
Wands
 r - a wand of paralysis (15)
Scrolls
 f - a scroll of teleportation {unknown}
 g - 3 scrolls of blinking {unknown}
 h - 2 scrolls of remove curse {unknown}
 i - 3 scrolls of random uselessness {unknown}
 j - 2 scrolls of identify {unknown}
 k - 2 scrolls of fog {unknown}
 l - a scroll of immolation {unknown}
 o - a scroll of fear {unknown}
 t - a scroll of amnesia {unknown}
Potions
 e - 2 potions of flight {unknown}
 n - 3 potions of mutation {unknown}
 s - a potion of haste {unknown}
Comestibles
 c - 15 rations


   Skills:
 + Level 5.7 Fighting
 + Level 6.2 Axes
 + Level 0.4(3.8) Polearms
 + Level 4.8 Armour
 + Level 3.3 Dodging
 + Level 0.2 Stealth


You had 5 spell levels left.
You didn't know any spells.

Dungeon Overview and Level Annotations

Branches:
Dungeon (5/15)
 Temple: D:4-7

Altars:
Fedhas
Qazlal

Annotations:
D:5 Grinder


Innate Abilities, Weirdness & Mutations

You reflexively headbutt those who attack you in melee.
You have a pair of horns on your head.


Message History

You feel yourself moving faster!
You feel mighty!
You feel quite a bit more hungry. Grinder gestures at you.
Pain shoots through your body!
You closely miss Grinder. Your headbutt misses Grinder. Grinder hits you.
* * * LOW HITPOINT WARNING * * *
You writhe in agony.
* * * LOW HITPOINT WARNING * * *
You barely miss Grinder. Grinder hits you.
* * * LOW HITPOINT WARNING * * *
You writhe in agony.
* * * LOW HITPOINT WARNING * * *
You hit Grinder. You burn Grinder. You headbutt Grinder!
Grinder is moderately wounded.
You closely miss Grinder. Your headbutt misses Grinder.
Grinder is moderately wounded.
Grinder hits you.
* * * LOW HITPOINT WARNING * * *
You writhe in agony.
You die...

#......########
#.....# #......#
#.....# #......#
#.....# #......#
#.....# #......#
#.....#
##'#############
#.....#
#..............
#.....#
#..............
#......
#......@.......
#......
#...##5####.##.
#...... #.).##.#
#...... #...#...
#......
#...#....
#......
#...#.....
#......
#...#......
#......
#...#.......
#......
#...#........
#......


You could see Grinder.

Vanquished Creatures
  An ogre (D:5)
  2 scorpions (D:4)
  Crazy Yiuf (D:5)
  2 worker ants
  A hound skeleton (D:4)
  4 gnolls (D:4)
  6 adders
  An ooze (D:2)
  An adder skeleton (D:2)
  A worm (D:3)
  4 dart slugs
  3 leopard geckos
  9 orcs
  3 ball pythons
  4 giant cockroaches
  7 goblins
  5 hobgoblins
  3 quokkas
  6 bats
  8 frilled lizards
  3 kobolds
  11 rats
86 creatures vanquished.

Notes
Turn   | Place    | Note
-------+----------+-------------------------------------------
     0 | D:1      | Pixllover the Minotaur Berserker began the quest for the Orb.
     0 | D:1      | Reached XP level 1. HP: 19/19 MP: 0/0
   136 | D:1      | Reached XP level 2. HP: 25/27 MP: 1/1
   289 | D:1      | Reached skill level 4 in Axes
   729 | D:2      | Reached ** piety under Trog
   729 | D:2      | Reached XP level 3. HP: 33/33 MP: 2/2
   739 | D:2      | Found a faded altar of an unknown god.
   998 | D:2      | Reached XP level 4. HP: 36/41 MP: 3/3
  1561 | D:3      | Reached skill level 5 in Axes
  1655 | D:3      | Reached XP level 5. HP: 35/47 MP: 4/4
  1710 | D:3      | Reached *** piety under Trog
  1741 | D:3      | Reached skill level 5 in Fighting
  1818 | D:3      | Found a blossoming altar of Fedhas.
  1819 | D:3      | Found a stormy altar of Qazlal.
  2475 | D:4      | Reached XP level 6. HP: 56/56 MP: 5/5
  3038 | D:5      | Entered Level 5 of the Dungeon
  3260 | D:5      | Found a runed door.
  3264 | D:5      | Noticed Crazy Yiuf
  3273 | D:5      | Killed Crazy Yiuf
  3273 | D:5      | Reached skill level 6 in Axes
  3328 | D:5      | Noticed Grinder
  3328 | D:5      | Paralysed by Grinder for 7 turns
  3345 | D:5      | HP: 4/85 [Grinder (3)]
  3345 | D:5      | Slain by Grinder

Skill      XL: |  1  2  3  4  5  6 |
---------------+-------------------+-----
Fighting       | 4 5 |  5.7
Axes           | 4 5 6 |  6.2
Armour         | 3 4 |  4.8
Dodging        | 3 |  3.3
Polearms       | |  0.4
Stealth        | |  0.2

Action                   |  1- 3 |  4- 6 || total
-------------------------+-------+-------++-------
Melee: Hand axe          |    77 |    92 ||   169
       Headbutt          |    13 |    24 ||    37
       Spear             |       |    28 ||    28
       Quarterstaff      |       |     9 ||     9
Invok: Berserk           |       |     1 ||     1
 Stab: Invisible         |       |     1 ||     1
  Eat: Chunk             |       |     5 ||     5
       Ration            |       |     1 ||     1
Armor: Chain mail        |    53 |    55 ||   108
Dodge: Dodged            |    50 |    61 ||   111
